 Dungeon Crawl Stone Soup version 0.30-a0-702-gdf48620a09 (webtiles) character file.

Game seed: 12348795149739744049

393 wormed the Firebug (level 6, -1/46 HPs)
             Began as a Demonspawn Fire Elementalist on Jan 21, 2023.
             Slain by an ogre
             ... wielding a +0 giant club
              (26 damage)
             ... on level 4 of the Dungeon.
             The game lasted 00:05:13 (3048 turns).

wormed the Firebug (Demonspawn Fire Elementalist)   Turns: 3048, Time: 00:05:14

Health: -1/46      AC:  2    Str:  8    XL:     6   Next: 51%
Magic:  17/19      EV: 12    Int: 19    God:
Gold:   140        SH:  0    Dex: 13    Spells: 5/11 levels left

rFire   + . .      SeeInvis .    (no weapon)
rCold   x x .      Faith    .    (no shield)
rNeg    . . .      Spirit   .    a - +0 robe
rPois   .          Reflect  .    (helmet restricted)
rElec   .          Harm     .    (no cloak)
rCorr   .          Rampage  .    (no gloves)
Will    .....                    (no boots)
Stlth   ++                       r - amulet of magic regeneration
HPRegen 0.27/turn                c - ring of fire
MPRegen 0.56/turn                p - ring of magical power

@: no status effects
A: hooves 1, horns 2, claws 1, cold vulnerability 1
a: no special abilities


You were on level 4 of the Dungeon.
You visited 1 branch of the dungeon, and saw 4 of its levels.

You collected 140 gold pieces.

Inventory:

Armour
 a - a +0 robe (worn)
Jewellery
 c - a ring of fire (left claw)
 d - a ring of see invisible
 e - a +4 ring of slaying
 g - a ring of flight
 i - the ring of Fueng {rN+++ rCorr Str-3 Int+2 Slay+4}
   (You found it on level 3 of the Dungeon)

   [ring of resist corrosion]

   Str:       It affects your strength (-3).
   Int:       It affects your intelligence (+2).
   Slay:      It affects your accuracy & damage with ranged weapons and melee
   (+4).
   rN:        It renders you almost immune to negative energy.
   rCorr:     It protects you from acid and corrosion.
 p - a ring of magical power (right claw)
 r - an amulet of magic regeneration (around neck)
Scrolls
 f - a scroll of fog
 h - 3 scrolls of teleportation
 q - a scroll of blinking
Potions
 b - a potion of magic
 j - 2 potions of curing
 k - a potion of might
 l - 2 potions of heal wounds
 m - a potion of mutation
 n - a potion of flight {unknown}
 o - 2 potions of brilliance {unknown}


   Skills:
 + Level 2.5 Fighting
 + Level 3.0 Dodging
 + Level 3.3 Stealth
 + Level 3.0 Spellcasting
 + Level 2.6 Conjurations
 + Level 3.6 Fire Magic


You had 5 spell levels left.
You knew the following spells:

 Your Spells              Type           Power      Damage    Failure   Level
a - Foxfire               Conj/Fire      88%        2x1d8     4%          1
b - Scorch                Fire           50%        2d8       5%          2
c - Inner Flame           Hex/Fire       14%        N/A       22%         3

Your spell library contained the following spells:

 Spells                   Type           Power      Damage    Failure   Level
 Kindle Blastsparks       Fire/Tloc/Air  22%        2d11      28%         3
 Flame Wave               Conj/Fire      22%        2d8       38%         4
 Summon Cactus Giant      Summ           1%         N/A       100%        6


Dungeon Overview and Level Annotations

Branches:
Dungeon (4/15)
 Temple: D:4-7

Altars:
Gozag
Okawaru
Ru


Innate Abilities, Weirdness & Mutations

You have large cloven feet.
You have a pair of horns on your head.
You have sharp fingernails.
You are vulnerable to cold. (rC-)


Message History

Flames lash the iguana but do no damage.
The foxfire hits the iguana but does no damage.
The foxfire hits the iguana.
The iguana is moderately wounded.
Casting: Scorch (safe; 5% risk of failure)
Confirm with . or Enter, or press ? or * to list all spells.
You feel a surge of power!
Flames lash the iguana.
The iguana is severely wounded.
The iguana's fire resistance burns away.
The iguana bites you but does no damage.
An iguana is nearby!
Casting: Scorch (safe; 5% risk of failure)
Confirm with . or Enter, or press ? or * to list all spells.
You feel a surge of power!
Flames lash the iguana.
The iguana is burned terribly!
You kill the iguana!
Found a robe.
You open the door.
There is an open door here.
An ogre comes into view. It is wielding a +0 giant club.
An ogre is nearby!
An ogre is nearby!
The ogre shouts!
An adder comes into view.
The adder hisses angrily.
You hear an angry hiss.
An adder comes into view.
Casting: Scorch (safe; 5% risk of failure)
Confirm with . or Enter, or press ? or * to list all spells.
You feel a surge of power!
Flames lash the adder.
The adder is severely wounded.
The adder's fire resistance burns away.
The ogre hits you with a +0 giant club!!
Casting: Scorch (safe; 5% risk of failure)
Confirm with . or Enter, or press ? or * to list all spells.
You feel a surge of power!
Flames lash the adder.
The adder is burned terribly!
You kill the adder!
The ogre attacks as you move away!
The ogre hits you with a +0 giant club!!
Ouch! That really hurt!
You die...

#..............#.#..#####.§
##.#.##.##.#####.#.........
####.#...................##..
#........................)...
######.......[...............
#.......####.###.#####..
####'##........... .....
#.##.###...#...####..
#.##@###...... ....
#.#.O........ ....
#.#†.S...... .....
#.#..###.#.# ##.##. #.#..# #
#.#... #... .... #..##


You could see an ogre and an adder.

Vanquished Creatures
  An orc warrior (D:4)
  2 hounds (D:4)
  An iguana (D:4)
  Natasha (thrice) (D:4)
  5 adders
  3 gnolls (D:4)
  A worm (D:2)
  A dart slug (D:2)
  4 orcs (D:4)
  9 ball pythons
  6 bats
  5 endoplasms
  2 giant cockroaches
  3 hobgoblins
  A quokka (D:2)
  3 frilled lizards
  8 goblins
  5 kobolds
  5 rats
68 creatures vanquished.

Vanquished Creatures (others)
  105 foxfires
105 creatures vanquished.

Grand Total: 173 creatures vanquished

Notes
Turn   | Place    | Note
-------+----------+-------------------------------------------
     0 | D:1      | wormed the Demonspawn Fire Elementalist began the quest for
                  | the Orb.
     0 | D:1      | Reached XP level 1. HP: 13/13 MP: 3/3
   316 | D:1      | Discovered your monstrous ancestry.
   316 | D:1      | Gained mutation: You have a pair of small horns on your
                  | head. [demonic ancestry]
   316 | D:1      | Reached XP level 2. HP: 18/19 MP: 1/5
   855 | D:1      | Learned a level 2 spell: Scorch
   979 | D:2      | Gained mutation: You have a pair of horns on your head.
                  | [demonic ancestry]
   979 | D:2      | Reached XP level 3. HP: 25/25 MP: 1/6
  1290 | D:2      | Reached skill level 1 in Fighting
  1910 | D:3      | Gained mutation: You have large cloven feet. [demonic
                  | ancestry]
  1910 | D:3      | Reached XP level 4. HP: 30/32 MP: 7/7
  1912 | D:3      | Identified the ring of Fueng {rN+++ rCorr Str-3 Int+2
                  | Slay+4}
  2296 | D:3      | Found an iron altar of Okawaru.
  2302 | D:3      | Found a sacrificial altar of Ru.
  2302 | D:3      | Found an opulent altar of Gozag.
  2353 | D:3      | Learned a level 3 spell: Inner Flame
  2353 | D:3      | Gained mutation: You have sharp fingernails. [mutagenic
                  | glow]
  2383 | D:3      | Gained mutation: You are vulnerable to cold. (rC-)
                  | [mutagenic glow]
  2449 | D:3      | Found a faded altar of an unknown god.
  2825 | D:4      | Noticed Natasha
  2829 | D:4      | Reached XP level 5. HP: 37/38 MP: 8/8
  2832 | D:4      | Killed Natasha
  2859 | D:4      | Noticed Natasha
  2863 | D:4      | Killed Natasha
  2905 | D:4      | Noticed an orc warrior
  2909 | D:4      | Killed an orc warrior
  2910 | D:4      | Reached XP level 6. HP: 45/45 MP: 10/10
  2923 | D:4      | Noticed Natasha
  2927 | D:4      | Killed Natasha
  3048 | D:4      | Slain by an ogre

Illustrated notes

Levels and vault maps discovered:
D:1:      pf_arrival_petrified_forest, layout_rooms
D:2:      layout_loops_ring, serial_glass, glass_columns_b, glass_columns_c,
          glass_columns_a, glass_columns_b, glass_columns_a, glass_columns_a,
          due_unseen_surprise, feat_on_display
D:3:      kennysheep_six_static_rooms, layout_rooms, grunt_temple_overflow_open,
          hellmonk_ecumenical_altar_prayer_group
D:4:      layout_basic, nemelex_dance_club_becter, serial_corexii_hall,
          chequers_hall_statues_y, corexii_hall_statues_t,
          nicolae_nh_ransacked_shop, uniq_natasha

Skill      XL: |  1  2  3  4  5  6 |
---------------+-------------------+-----
Stealth        | 2 3 |  3.3
Dodging        | 2 3 |  3.0
Fire Magic     | 3 |  3.6
Fighting       | 1 2 |  2.5
Conjurations   | 2 |  2.6
Spellcasting   | 3 |  3.0

Action                   |  1- 3 |  4- 6 || total
-------------------------+-------+-------++-------
Melee: Short sword       |    13 |       ||    13
       Headbutt          |     1 |     1 ||     2
       Punch             |     1 |       ||     1
       Unarmed           |       |     3 ||     3
 Cast: Foxfire           |    32 |    29 ||    61
       Scorch            |    15 |    28 ||    43
       Inner Flame       |       |     2 ||     2
  Use: Scroll            |     4 |     5 ||     9
 Stab: Sleeping          |     1 |       ||     1
Armor: Robe              |     3 |     2 ||     5
Dodge: Dodged            |    14 |    11 ||    25

Table legend: (Time is in decaauts)
 A = Elapsed time spent in this place.
 B = Non-inter-level travel time spent in this place.
 C = Inter-level travel time spent in this place.
 D = Time resting spent in this place.
 E = Time spent auto-exploring this place.
 F = Levels seen in this place.
 G = Mean time per level.
                   A        B        C        D        E       F      G
               +--------+--------+--------+--------+--------+-----+--------+
         Total |   3044 |   2976 |     68 |     36 |   2500 |   4 |  761.0 |
       Dungeon |   3044 |   2976 |     68 |     36 |   2500 |   4 |  761.0 |
               +--------+--------+--------+--------+--------+-----+--------+

Top non-repeatable levels by time:
     D:2: 1051 daAuts
     D:1: 855 daAuts
     D:3: 833 daAuts
     D:4: 303 daAuts
